 Dungeon Crawl Stone Soup version 0.22.0-16-gc6d26f6 (webtiles) character file.

3831 ventricule the Cleaver (level 9, -9/82 HPs)
             Began as a Deep Dwarf Fighter on Aug 17, 2018.
             Was an Initiate of Makhleb.
             Mangled by Joseph
             ... wielding a +0 quarterstaff
              (13 damage)
             ... on level 7 of the Dungeon.
             The game lasted 00:10:28 (4974 turns).

ventricule the Cleaver (Deep Dwarf Fighter)         Turns: 4974, Time: 00:10:29

Health: -9/82      AC: 11    Str: 22    XL:     9   Next: 97%
Magic:  0/0        EV:  9    Int: 12    God:    Makhleb [......]
Gold:   364        SH: 11    Dex: 12    Spells: 8/8 levels left

rFire    . . .     SeeInvis .   a - +1 war axe
rCold    . . .     Gourm    .   c - +0 shield
rNeg     . . .     Faith    .   b - +0 scale mail
rPois    .         Spirit   .   u - +2 hat
rElec    .         Reflect  .   (no cloak)
rCorr    .         Harm     .   v - +0 pair of gloves
MR       +....                  (no boots)
Stlth    ..........             (no amulet)
HPRegen  0.00/turn              (no ring)
MPRegen  0.07/turn              (no ring)

@: non-regenerating
A: damage resistance, heal wounds, blink, clever 1, sense surroundings 2, wild
magic 1, no regeneration
a: Heal Wounds, Blink, Renounce Religion


You were on level 7 of the Dungeon.
You worshipped Makhleb.
Makhleb was noncommittal.
You were not hungry.

You visited 2 branches of the dungeon, and saw 8 of its levels.
You also visited: Sewer.

You collected 364 gold pieces.

Inventory:

Hand Weapons
 a - a +1 war axe (weapon)
Missiles
 f - 8 needles of sleeping
 h - 8 silver tomahawks
 k - 38 poisoned needles
 l - 5 curare-tipped needles
 m - 3 throwing nets {=f}
 n - 10 tomahawks
 Q - 224 stones (quivered)
Armour
 b - a +0 scale mail (worn)
 c - a +0 shield (worn)
 u - a +2 hat (worn)
 v - a +0 pair of gloves (worn)
Jewellery
 o - an uncursed ring of fire {rF+, rC-}
Wands
 d - a wand of polymorph (11)
 t - a wand of clouds (6)
 w - a wand of iceblast (6)
Scrolls
 g - 3 scrolls of remove curse
 i - 4 scrolls of identify
 j - 2 scrolls of amnesia
 y - a scroll of immolation {!r}
 z - 3 scrolls of enchant armour
 B - a scroll of blinking {!r}
Potions
 p - a potion of brilliance
 q - 4 potions of curing
 r - a potion of flight
Comestibles
 e - 13 rations
 x - 12 chunks of flesh


   Skills:
 - Level 5.9 Fighting
 + Level 11.1 Axes
 - Level 7.2 Armour
 - Level 1.3 Dodging
 - Level 7.2 Shields


You had 8 spell levels left.
You didn't know any spells.
Your spell library contained the following spells:

 Spells                   Type           Power        Failure   Level  Hunger
 Confuse                  Hex            #.......     100%        3    ####...
 Confusing Touch          Hex            #.....       95%         1    ##.....
 Metabolic Englaciation   Hex/Ice        #.........   100%        5    ######.
 Petrify                  Tmut/Erth      #.......     100%        4    #####..
 Gell's Gravitas          Tloc           #.........   100%        3    ####...
 Yara's Violent Unravell  Hex/Tmut       #.........   100%        5    ######.


Dungeon Overview and Level Annotations

Branches:
Dungeon (7/15)             Temple (1/1) D:7

Altars:
Ashenzari
Cheibriados
Dithmenos
Elyvilon
Fedhas
Gozag
Hepliaklqana
Kikubaaqudgha
Makhleb
Nemelex Xobeh
Okawaru
Qazlal
Ru
Sif Muna
Trog
Uskayaw
Wu Jian
Xom
Yredelemnul
The Shining One

Annotations:
D:7 Joseph


Innate Abilities, Weirdness & Mutations

You are resistant to damage.
You can heal yourself by infusing magical energy.
You passively map the area around you.
You do not regenerate.
You can translocate small distances at will.
Your mind is acute. (Int +2)
Your spells are a little harder to cast, but a little more powerful.


Message History

You take 1 damage, and have 22/82 hp.
You barely miss Joseph.
Joseph hits you with an uncursed quarterstaff!
* * * LOW HITPOINT WARNING * * *
You take 10 damage, and have 12/82 hp.
You hit Joseph. Joseph hits you but does no damage.
The bullfrog swells and bulges.
You hit Joseph but do no damage. Joseph barely misses you.
You hit Joseph. Joseph hits you but does no damage.
Okay, then.
Okay, then.
You completely miss Joseph. You block Joseph's attack.
You hit Joseph. You block Joseph's attack.
You hit Joseph.
Joseph hits you with an uncursed quarterstaff!
* * * LOW HITPOINT WARNING * * *
You take 8 damage, and have 4/82 hp.
You slash Joseph!
Joseph hits you with an uncursed quarterstaff!
You die...

####.##.##...####................
....).#.#.#..# #######.#####.###
######...##..##########.# #.# #
##.###.............# #.#
#.......########### #.###
######..# #.... #..# ##### ###
#..##########
####.######..#.@@F..... ,,
##...#....[[..#(########* *
#...###..###.##.# , ...## ##.#
#.##.# * ....###..# #....# ,
.#.#.#.#.# ###### .#.##.##.# ##
.#.#####.# , #. .#(## #.# * * #.


You could see Joseph and a bullfrog.

Vault maps used:
D:1:      minmay_arrival_split_and_join
D:2:      uniq_jessica
D:3:      lightli_sewer_entry_pipes
D:4:      gammafunk_temple_overflow_elements, minmay_rat_hole, uniq_eustachio
D:5:      nicolae_qazlal_general_emergency, old_standard_altar, first_ration,
          uniq_ijyb
D:6:      serial_shops, shop
D:7:      marbit_many_paths, minmay_temple_entry_statues_pillars, uniq_joseph,
          uniq_duvessa, uniq_harold
Temple:   nicolae_temple_elliptical
Sewer:    sewer_kobolds

Notes
Turn   | Place    | Note
-------+----------+-------------------------------------------
     0 | D:1      | ventricule the Deep Dwarf Fighter began the quest for the Orb.
     0 | D:1      | Reached XP level 1. HP: 20/20 MP: 1/1
   343 | D:1      | Reached XP level 2. HP: 10/27 MP: 2/2
   624 | D:1      | Reached skill level 1 in Dodging
   820 | D:1      | HP: 6/27 [rat (1)]
   959 | D:2      | Reached skill level 3 in Fighting
   959 | D:2      | Reached XP level 3. HP: 31/34 MP: 2/2
  1149 | D:2      | Reached XP level 4. HP: 29/42 MP: 3/3
  1316 | D:2      | Noticed Jessica
  1328 | D:2      | Killed Jessica
  1328 | D:2      | Reached skill level 3 in Axes
  1328 | D:2      | Reached skill level 4 in Armour
  1442 | D:2      | HP: 9/42 [worm (3)]
  1601 | D:3      | Identified a scroll of remove curse
  1602 | D:3      | Identified 2 scrolls of teleportation
  1603 | D:3      | Identified 2 scrolls of amnesia
  1604 | D:3      | Identified 2 scrolls of identify
  1604 | D:3      | Identified a potion of brilliance
  1618 | D:3      | Reached skill level 4 in Shields
  1720 | D:3      | Reached XP level 5. HP: 39/49 MP: 4/4
  1936 | D:3      | Found a glowing drain.
  1955 | Sewer    | Entered a sewer
  2030 | Sewer    | Reached skill level 4 in Axes
  2030 | Sewer    | Reached XP level 6. HP: 40/57 MP: 5/5
  2052 | Sewer    | Found a white marble altar of Elyvilon.
  2091 | Sewer    | Identified a scroll of fear
  2092 | Sewer    | Identified 2 potions of heal wounds
  2093 | Sewer    | Identified a potion of mutation
  2093 | Sewer    | Gained mutation: Your mind is acute. (Int +2) [potion of mutation]
  2093 | Sewer    | Gained mutation: You can translocate small distances at will. [potion of mutation]
  2093 | Sewer    | Gained mutation: Your spells are a little harder to cast, but a little more powerful. [potion of mutation]
  2094 | Sewer    | Identified 2 potions of flight
  2544 | D:4      | Noticed Eustachio
  2591 | D:4      | Identified a +0 war axe
  2613 | D:4      | Killed Eustachio
  2613 | D:4      | Reached skill level 4 in Fighting
  2613 | D:4      | Reached skill level 5 in Armour
  2661 | D:4      | Identified a +1 hat (You found it on level 4 of the Dungeon)
  2672 | D:4      | Reached skill level 5 in Shields
  2852 | D:4      | HP: 12/57 [scorpion (4)]
  2856 | D:4      | Reached XP level 7. HP: 13/64 MP: 6/6
  2858 | D:4      | Identified a scroll of enchant weapon
  3012 | D:4      | Found a glowing golden altar of the Shining One.
  3012 | D:4      | Found a sacrificial altar of Ru.
  3597 | D:5      | Entered Level 5 of the Dungeon
  3602 | D:5      | Noticed Ijyb
  3614 | D:5      | Killed Ijyb
  3710 | D:5      | Found a blossoming altar of Fedhas.
  3770 | D:5      | Reached skill level 5 in Axes
  3832 | D:5      | HP: 12/66 [ice beast (6)]
  3874 | D:5      | Found a stormy altar of Qazlal.
  4052 | D:6      | Identified 4 potions of curing
  4053 | D:6      | HP: 15/66 [orc warrior/long sword (13)]
  4073 | D:7      | HP: 11/66 [orc warrior/long sword (10)]
  4074 | D:7      | Reached skill level 6 in Armour
  4074 | D:7      | Reached skill level 6 in Shields
  4074 | D:7      | Reached XP level 8. HP: 13/73 MP: 5/5
  4077 | D:7      | Identified a ring of fire (You found it on level 3 of the Dungeon)
  4086 | D:7      | Noticed Harold
  4094 | D:7      | HP: 12/73 [Harold/war axe (18)]
  4100 | D:7      | HP: 11/73 [Harold/war axe (16)]
  4112 | D:7      | Identified a scroll of enchant armour
  4118 | D:7      | Identified a +0 pair of gloves (You found it on level 4 of the Dungeon)
  4133 | D:7      | HP: 18/73 [worker ant (1)]
  4143 | D:7      | Noticed a hippogriff
  4158 | D:7      | Reached skill level 5 in Fighting
  4160 | D:7      | HP: 16/74 [hippogriff (3)]
  4171 | D:7      | HP: 12/74 [something (4)]
  4172 | D:7      | HP: 5/74 [something (7)]
  4181 | D:7      | HP: 17/74 [something (5)]
  4186 | D:7      | HP: 4/74 [something (5)]
  4187 | D:7      | Killed an unseen horror
  4187 | D:7      | Reached skill level 6 in Axes
  4189 | D:7      | Identified a potion of invisibility
  4195 | D:7      | Killed a hippogriff
  4195 | D:7      | Reached skill level 7 in Armour
  4195 | D:7      | Reached skill level 7 in Shields
  4196 | D:7      | HP: 15/76 [wight/enchanted spear (6)]
  4233 | D:7      | Identified a scroll of vulnerability
  4234 | D:7      | Identified 2 scrolls of immolation
  4235 | D:7      | Identified a scroll of blinking
  4305 | D:7      | HP: 19/76 [black bear (2)]
  4309 | D:7      | Gained mutation: You passively map the area around you. [Deep Dwarf growth]
  4309 | D:7      | Reached XP level 9. HP: 17/82 MP: 2/2
  4329 | D:7      | Reached skill level 7 in Axes
  4332 | D:7      | HP: 17/82 [Harold/war axe (5)]
  4337 | D:7      | HP: 12/82 [Harold/war axe (15)]
  4342 | D:7      | HP: 1/82 [Harold/war axe (11)]
  4350 | D:7      | Killed Harold
  4350 | D:7      | Reached skill level 9 in Axes
  4476 | D:7      | HP: 18/82 [centaur/arrow (5)]
  4532 | D:7      | Found a staircase to the Ecumenical Temple.
  4539 | Temple   | Entered the Ecumenical Temple
  4619 | Temple   | Became a worshipper of Makhleb the Destroyer
  4688 | D:7      | Noticed Duvessa
  4688 | D:7      | Noticed Dowan
  4700 | D:7      | Killed Duvessa
  4709 | D:7      | Killed Dowan
  4709 | D:7      | Reached skill level 10 in Axes
  4858 | D:7      | Reached skill level 11 in Axes
  4962 | D:7      | Noticed Joseph
  4967 | D:7      | HP: 12/82 [Joseph/uncursed quarterstaff (10)]
  4973 | D:7      | HP: 4/82 [Joseph/uncursed quarterstaff (8)]
  4974 | D:7      | Identified a +0 quarterstaff
  4974 | D:7      | Mangled by Joseph

Table legend:
 A = Turns spent in this place as a percentage of turns spent in the entire game.
 B = Non-inter-level travel turns spent in this place as a percentage of non-inter-level travel turns spent in the entire game.
 C = Inter-level travel turns spent in this place as a percentage of turns spent in this place.
 D = Turns resting spent in this place as a percentage of non-inter-level travel turns spent in this place.
 E = Turns spent auto-exploring this place as a percentage of non-inter-level travel turns spent in this place.
 F = Non-inter-level travel turns spent in this place divided by the number of levels of this place that you've seen.
                   A       B       C       D       E      F
               +-------+-------+-------+-------+-------+----------------------
         Total | 100.0 | 100.0 |   3.8 |   3.1 |  71.2 | 531.6
       Dungeon |  94.5 |  94.9 |   3.4 |   3.3 |  71.2 | 648.3
        Temple |   2.2 |   1.7 |  25.5 |   0.0 |  90.2 |  82.0
         Sewer |   3.3 |   3.4 |   0.0 |   0.0 |  62.8 | 164.0
               +-------+-------+-------+-------+-------+----------------------

Table legend:
 A = Kills in this place as a percentage of kills in entire the game.
 B = Kills by you in this place as a percentage of kills by you in the entire game.
 C = Kills by friends in this place as a percentage of kills by friends in the entire game.
 D = Other kills in this place as a percentage of other kills in the entire game.
 E = Experience gained in this place as a percentage of experience gained in the entire game.
 F = Experience gained in this place divided by the number of levels of this place that you have seen.
                   A       B       C       D       E      F
               +-------+-------+-------+-------+-------+----------------------
         Total | 100.0 | 100.0 |   N/A |   N/A | 100.0 | 608.1
       Dungeon |  95.3 |  95.3 |   N/A |   N/A |  98.2 | 767.7
         Sewer |   4.7 |   4.7 |   N/A |   N/A |   1.8 |  99.0
               +-------+-------+-------+-------+-------+----------------------

Skill      XL: |  1  2  3  4  5  6  7  8  9 |
---------------+----------------------------+-----
Dodging        | 1 |  1.3
Fighting       | 3 4 5 |  5.9
Axes           | 3 4 5 6 11 | 11.1
Armour         | 4 5 6 7 |  7.2
Shields        | 4 5 6 7 |  7.2

Action                   |  1- 3 |  4- 6 |  7- 9 || total
-------------------------+-------+-------+-------++-------
Melee: War axe           |   150 |   194 |   324 ||   668
       Unarmed           |       |     3 |       ||     3
 Abil: Heal Wounds       |     3 |     2 |    18 ||    23
       Blink             |       |       |     1 ||     1
  Use: Scroll            |       |     6 |     7 ||    13
       Potion            |       |     3 |     6 ||     9
 Stab: Invisible         |       |       |     9 ||     9
  Eat: Chunk             |     1 |     6 |    11 ||    18
Armor: Scale mail        |    61 |    59 |   142 ||   262
Dodge: Dodged            |    47 |    79 |   110 ||   236
Block: Shield            |    89 |   110 |   169 ||   368

Vanquished Creatures
  Harold (D:7)
  An unseen horror (D:7)
  2 hippogriffs (D:7)
  Eustachio (D:4)
  A hungry ghost (D:7)
  Duvessa (D:7)
  An orc warrior (D:7)
  An ice beast (D:5)
  A phantom (D:7)
  A black bear (D:7)
  2 ogres
  3 centaurs (D:7)
  2 big kobolds
  A bullfrog (D:7)
  Dowan (D:7)
  A scorpion (D:4)
  5 wights (D:7)
  2 hounds
  A bullfrog skeleton (D:5)
  A jelly (D:7)
  A gnoll shaman (D:5)
  Ijyb (D:5)
  Jessica (D:2)
  4 worker ants
  A hound zombie (D:7)
  A hound skeleton (D:5)
  5 gnolls (D:5)
  12 adders
  2 river rats (D:3)
  An ooze (D:3)
  8 worms
  A dart slug (D:3)
  2 leopard geckos
  8 orcs
  A ball python (D:1)
  5 giant cockroaches
  10 goblins
  6 hobgoblins
  10 jackals
  A quokka (D:4)
  A ball python skeleton (D:3)
  5 bats
  7 frilled lizards
  11 kobolds
  A leopard gecko skeleton (D:5)
  A quokka zombie (D:5)
  33 rats
170 creatures vanquished.
